AoeStats
← EsepeEle

Arabia

509491492Analyzed
1v1 RM · 6d ago on Sep 27, 2026· 32m 51s· 2 players
Game mode
Random Map
Map size
Tiny (2 player)
Population
200
Speed
Normal
Resources
Standard
Victory
Conquest
Starting age
Dark Age
Ending age
Imperial Age
RankedLock teamsTeams togetherTeam positionsShared explorationLock speedFull tech treeHidden civsTurbo modeCheats
Victory
Defeat
🇨🇱 Vikings · Chile
579
+17
🇦🇷 Inca · Argentina
598
-17
EsepeEle
3:21 Loom
10:59 Feudal Age
17:16 Castle Age
15:53 Fletching
17:02 Horse Collar
18:21 Crossbowman
19:51 Town Watch
22:11 Padded Archer Armor
23:49 Bodkin Arrow
29:17 Leather Archer Armor
32:31 Forging
Bekatiel
0:26 Loom
11:35 Feudal Age
16:57 Castle Age
15:17 Horse Collar
15:34 Double-Bit Axe
16:44 Gold Mining
17:41 Heavy Plow
19:08 Bow Saw
25:16 Elite Skirmisher
Connection lost

Rejoining the realm…

Still unreachable

The connection could not be restored.

Session expired

The server has moved on; the page needs a fresh start.